 Dungeon Crawl Stone Soup version 0.29.1-1-gd02db6906a (webtiles) character file.

Game seed: 16415517488234975378

287 hikkokomori the Shield-Bearer (level 6, -5/51 HPs)
             Began as a Formicid Fighter on Oct 6, 2022.
             Killed by divine providence
             ... invoked by an orc priest
              (11 damage)
             ... on level 4 of the Dungeon.
             The game lasted 00:03:57 (2253 turns).

hikkokomori the Shield-Bearer (Formicid Fighter)    Turns: 2253, Time: 00:03:57

Health: -5/51      AC:  9    Str: 22    XL:     6   Next: 56%
Magic:  6/6        EV:  9    Int:  8    God:
Gold:   146        SH:  5    Dex: 13    Spells: 3/5 levels left

rFire   . . .      SeeInvis +   a - +0 quarterstaff
rCold   . . .      Faith    .   c - +0 buckler
rNeg    . . .      Spirit   .   f - +0 scale mail
rPois   +          Reflect  .   (helmet unavailable)
rElec   .          Harm     .   j - +0 cloak
rCorr   .          Rampage  .   (no gloves)
Will    .....                   g - +0 pair of boots
Stlth   ..........              (no amulet)
HPRegen 0.17/turn               n - ring of poison resistance
MPRegen 0.10/turn               (no ring)

@: no status effects
A: permanent stasis, dig shafts and tunnels, antennae 3, four strong arms
a: Dig, Shaft Self


You were on level 4 of the Dungeon.
You visited 1 branch of the dungeon, and saw 4 of its levels.

You collected 146 gold pieces.

Inventory:

Hand Weapons
 a - a +0 quarterstaff (weapon)
Missiles
 m - a throwing net
Armour
 b - a +0 scale mail
 c - a +0 buckler (worn)
 f - a +0 scale mail (worn)
 g - a +0 pair of boots (worn)
 j - a +0 cloak (worn)
Jewellery
 n - a ring of poison resistance (left hand)
 o - a ring of willpower
 p - a ring of fire
 r - a ring of positive energy
Scrolls
 h - a scroll of fear {unknown}
 i - a scroll of blinking {unknown}
 l - 3 scrolls of identify {unknown}
 q - a scroll of teleportation {unknown}
Potions
 d - a potion of might
 e - a potion of resistance {unknown}
 k - 2 potions of heal wounds {unknown}
 s - a potion of haste {unknown}


   Skills:
 + Level 5.1 Fighting
 - Level 2.0 Staves
 + Level 5.0 Armour
 + Level 6.1 Shields


You had 3 spell levels left.
You knew the following spells:

 Your Spells              Type           Power      Damage    Failure   Level
a - Necrotise             Necr           0%         1d4       78%         1
b - Apportation           Tloc           0%         N/A       78%         1

Your spell library contained the following spells:

 Spells                   Type           Power      Damage    Failure   Level
 Foxfire                  Conj/Fire      0%         2x1d4     78%         1
 Sting                    Tmut/Pois      0%         1d3       78%         1
 Summon Small Mammal      Summ           0%         N/A       78%         1
 Poisonous Vapours        Pois/Air       0%         N/A       89%         2
 Conjure Flame            Conj/Fire      0%         6-21      98%         3
 Inner Flame              Hex/Fire       0%         N/A       98%         3
 Flame Wave               Conj/Fire      0%         2d4       100%        4
 Olgreb's Toxic Radiance  Pois           0%         N/A       100%        4


Dungeon Overview and Level Annotations

Branches:
Dungeon (4/15)
 Temple: D:4-7

Altars:
Kikubaaqudgha
Lugonu

Annotations:
D:4 2 runed translucent doors


Innate Abilities, Weirdness & Mutations

You cannot be hasted, slowed, berserked, paralysed or teleported.
You can dig through walls and to a lower floor.
You have a pair of large antennae on your head. (SInv)
Your four strong arms can wield two-handed weapons with a shield.


Message History

You block the orc priest's attack. The orc priest misses you.
You closely miss the orc priest. The orc priest hits you with a +0 mace.
You closely miss the orc priest. The orc hits you but does no damage.
The orc priest hits you but does no damage.
You closely miss the orc priest. The orc hits you with a +0 short sword.
The orc priest hits you but does no damage.
You barely miss the orc priest. The orc barely misses you.
The orc priest hits you with a +0 mace.
* * * LOW HITPOINT WARNING * * *
You block the orc priest's attack. You block the orc's attack.
You barely miss the orc priest. The orc barely misses you.
The orc priest hits you but does no damage.
You hit the orc.
The orc is almost dead.
The orc hits you but does no damage.
The orc priest hits you but does no damage.
You hit the orc.
You kill the orc!
The orc priest hits you with a +0 mace.
* * * LOW HITPOINT WARNING * * *
You sock the orc priest!
The orc priest is severely wounded.
The orc priest barely misses you. The orc priest hits you with a +0 mace.
* * * LOW HITPOINT WARNING * * *
You closely miss the orc priest.
The orc priest is severely wounded.
The orc priest hits you but does no damage.
You barely miss the orc priest.
The orc priest is severely wounded.
The orc priest hits you with a +0 mace.
* * * LOW HITPOINT WARNING * * *
You hit the orc priest.
The orc priest is almost dead.
The orc priest hits you with a +0 mace.
* * * LOW HITPOINT WARNING * * *
You barely miss the orc priest.
The orc priest is almost dead.
The orc priest mumbles some strange prayers to Beogh against you.
Beogh smites you!
You die...

#..### ..... ##++#..
#...# #...... #...##
##..... ..... #....#
##.>.# #.# #.....
....# #.# ###.##
#o..# #.# #..... #
##@))# #># #..... #.
#.)..# #.# #.....
#..#....# #.# #.....
#.#...## #.# #.....
#.....# #.# #.....
#.#...#####.####.....
#.................†.#
###...#####.##......#
#...# #.##.###.##


You could see an orc priest.

Vanquished Creatures
  The ghost of WTDorsey the Chiller, an amateur DsIE (D:3)
  A necrophage (D:4)
  A scorpion (D:4)
  2 adders
  A hound simulacrum (D:3)
  A white imp (D:3)
  2 worms
  2 dart slugs
  2 adder simulacra (D:3)
  3 orcs (D:4)
  2 bats (D:3)
  2 endoplasms
  2 giant cockroaches
  2 goblins (D:2)
  3 hobgoblins
  4 jackals (D:3)
  3 ball pythons
  A ball python simulacrum (D:3)
  A jackal simulacrum (D:3)
  2 kobolds (D:3)
  3 rats
41 creatures vanquished.

Notes
Turn   | Place    | Note
-------+----------+-------------------------------------------
     0 | D:1      | hikkokomori the Formicid Fighter began the quest for the
                  | Orb.
     0 | D:1      | Reached XP level 1. HP: 18/18 MP: 1/1
    32 | D:1      | You fall into a shaft and drop 1 floor!
   160 | D:2      | Reached XP level 2. HP: 20/24 MP: 2/2
   558 | D:2      | Reached XP level 3. HP: 30/30 MP: 3/3
  1100 | D:3      | Noticed WTDorsey's ghost (amateur DsIE)
  1127 | D:3      | Found a runed translucent gate.
  1127 | D:3      | Found a runed translucent gate.
  1127 | D:3      | Found a runed translucent gate.
  1641 | D:3      | Reached XP level 4. HP: 37/37 MP: 4/4
  1768 | D:3      | Killed WTDorsey's ghost
  1769 | D:3      | Reached skill level 5 in Shields
  1769 | D:3      | Reached XP level 5. HP: 40/43 MP: 5/5
  1919 | D:3      | Learned a level 1 spell: Necrotise
  1921 | D:3      | Learned a level 1 spell: Apportation
  1987 | D:4      | Found an ancient bone altar of Kikubaaqudgha.
  2063 | D:4      | Reached XP level 6. HP: 44/50 MP: 6/6
  2070 | D:4      | Reached skill level 5 in Fighting
  2070 | D:4      | Reached skill level 5 in Armour
  2070 | D:4      | Reached skill level 6 in Shields
  2198 | D:4      | Found a large runed translucent door.
  2198 | D:4      | Found a large runed translucent door.
  2204 | D:4      | Found a corrupted altar of Lugonu.
  2253 | D:4      | Killed from afar by an orc priest

Illustrated notes

Levels and vault maps discovered:
D:1:      dpeg_arrival_arbitrary_c, layout_basic, dreamdust_princess_corridor,
          minmay_pentomino_t2
D:2:      layout_basic
D:3:      layout_basic, gammafunk_ghost_icy
D:4:      due_chaos_kobolds, layout_loops_ring, lemuel_round_altar,
          lemuel_tele_altar

Skill      XL: |  1  2  3  4  5  6 |
---------------+-------------------+-----
Fighting       | 4 5 |  5.1
Armour         | 4 5 |  5.0
Shields        | 5 6 |  6.1
Staves         | |  2.0

Action                   |  1- 3 |  4- 6 || total
-------------------------+-------+-------++-------
Melee: Quarterstaff      |    66 |    59 ||   125
Throw: Throwing net      |       |     1 ||     1
Armor: Scale mail        |    29 |    32 ||    61
Dodge: Dodged            |    16 |    14 ||    30
Block: Buckler           |    13 |    10 ||    23
